PAAA
SALT LAKE CITY BUZZ @ BAKERSFIELD NOBLES
08/17/2032
 
TOP OF THE 1ST
Salt Lake City Buzz batting - Pitching for Bakersfield Nobles : RHP Cameron Frye
Pitching: RHP Cameron Frye
Batting: LHB Alistair Mix 0-0: Ball
1-0: Bunted foul
1-1: Foul Ball, location: 2F
1-2: SINGLE (Flyball, 78S)
Batting: LHB Orlando Casillas 0-0: Swinging Strike
0-1: Fly out, F9 (Flyball, 9S)
Batting: SHB Juan Rivas 0-0: Called Strike
0-1: Ball
1-1: Ball
2-1: Foul Ball, location: 2F
2-2: Fly out, F9 (Flyball, 9LS)
Batting: RHB Scott Ramsey 0-0: Fly out, F3 (Popup, 3L)
Top of the 1st over - 0 runs, 1 hit, 0 errors, 1 left on base; Salt Lake City 0 - Bakersfield 0
BOTTOM OF THE 1ST
Bakersfield Nobles batting - Pitching for Salt Lake City Buzz : LHP Javier Romero
Pitching: LHP Javier Romero
Batting: RHB Andrés Rodríguez 0-0: Ball
1-0: Called Strike
1-1: Foul Ball, location: 2F
1-2: Ball
2-2: Foul Ball, location: 2F
2-2: Ball
3-2: Base on Balls
Batting: RHB António Padilla 0-0: Ball
1-0: SINGLE (Groundball, 6MD)
Andrés Rodríguez to second
Batting: RHB Wade Killefer 0-0: Ball
1-0: Called Strike
1-1: Ball
2-1: Ball
3-1: Base on Balls
Andrés Rodríguez to third
António Padilla to second
Batting: RHB Fortunato Rasquinha 0-0: Ball
1-0: Hit by Pitch
Andrés Rodríguez scores
António Padilla to third
Wade Killefer to second
Batting: RHB Pil-joong Pak 0-0: Called Strike
0-1: Ball
1-1: Ball
2-1: Ball
3-1: Swinging Strike
3-2: Fly out, F6 (Line Drive, 6)
Batting: RHB Edwin Berns 0-0: Ball
1-0: Called Strike
1-1: Called Strike
1-2: Ball
2-2: SINGLE (Groundball, 56) (infield hit)
António Padilla scores
Wade Killefer to third
Fortunato Rasquinha to second
Batting: RHB Brent Ryan 0-0: Ball
1-0: Fly out, F8 (Flyball, 8LD)
Runner from 3rd tags up, SCORES, no throw
Batting: SHB Edward Sterrenburg 0-0: Foul Ball, location: 2F
0-1: Foul Ball, location: 2F
0-2: Strikes out looking
Bottom of the 1st over - 3 runs, 2 hits, 0 errors, 2 left on base; Salt Lake City 0 - Bakersfield 3
TOP OF THE 2ND
Salt Lake City Buzz batting - Pitching for Bakersfield Nobles : RHP Cameron Frye
Batting: SHB Jorge Colón 0-0: Ball
1-0: Foul Ball, location: 2F
1-1: Ball
2-1: Swinging Strike
2-2: Strikes out swinging
Batting: RHB Alexandre Keeping 0-0: Called Strike
0-1: Ground out 4-3 (Groundball, 4)
Batting: RHB Vicente Cruz 0-0: DOUBLE (Line Drive, 8LXD)
Batting: RHB Leon Carlisle 0-0: Ball
1-0: Ground out 4-3 (Groundball, 4M)
Top of the 2nd over - 0 runs, 1 hit, 0 errors, 1 left on base; Salt Lake City 0 - Bakersfield 3
BOTTOM OF THE 2ND
Bakersfield Nobles batting - Pitching for Salt Lake City Buzz : LHP Javier Romero
Batting: RHB Cale Sutton 0-0: Ball
1-0: Ball
2-0: Fly out, F9 (Flyball, 89M)
Batting: RHB Andrés Rodríguez 0-0: Swinging Strike
0-1: Ball
1-1: Foul Ball, location: 2F
1-2: Reached on error, E5 (Groundball, 56)
Batting: RHB António Padilla 0-0: Ball
1-0: Ball
2-0: Ball
3-0: Called Strike
3-1: Foul Ball, location: 2F
3-2: Foul Ball, location: 2F
3-2: Hit by Pitch
Andrés Rodríguez to second
Batting: RHB Wade Killefer 0-0: Ball
1-0: Ball
2-0: Called Strike
2-1: Called Strike
2-2: Ball
3-2: Foul Ball, location: 2F
3-2: SINGLE (Groundball, 4D)
Andrés Rodríguez to third
António Padilla to second
Runner from 3rd tries for Home, SAFE, throw made home
Batting: RHB Fortunato Rasquinha 0-0: Called Strike
0-1: Grounds into double play, 5-4-3 (Groundball, 5)
Bottom of the 2nd over - 1 run, 1 hit, 1 error, 1 left on base; Salt Lake City 0 - Bakersfield 4
TOP OF THE 3RD
Salt Lake City Buzz batting - Pitching for Bakersfield Nobles : RHP Cameron Frye
Batting: RHB Alejandro Herrera 0-0: Ball
1-0: Swinging Strike
1-1: Ball
2-1: Swinging Strike
2-2: Foul Ball, location: 2F
2-2: Strikes out looking
Batting: LHB Alistair Mix 0-0: Called Strike
0-1: Ball
1-1: Swinging Strike
1-2: Ball
2-2: Ball
3-2: Fly out, F8 (Flyball, 78M)
Batting: LHB Orlando Casillas 0-0: Called Strike
0-1: Ground out 6-3 (Groundball, 6)
Top of the 3rd over - 0 runs, 0 hits, 0 errors, 0 left on base; Salt Lake City 0 - Bakersfield 4
BOTTOM OF THE 3RD
Bakersfield Nobles batting - Pitching for Salt Lake City Buzz : LHP Javier Romero
Batting: RHB Pil-joong Pak 0-0: Ball
1-0: Ball
2-0: Ball
3-0: Called Strike
3-1: SINGLE (Groundball, 6MD)
Batting: RHB Edwin Berns 0-0: Foul Ball, location: 2F
0-1: Ball
1-1: Called Strike
1-2: Ball
2-2: Ball
3-2: Foul Ball, location: 2F
3-2: Foul Ball, location: 2F
3-2: Fly out, F7 (Line Drive, 7LD)
Batting: RHB Brent Ryan 0-0: Ball
1-0: Ball
2-0: SINGLE (Flyball, 5D)
Pil-joong Pak to second
Batting: SHB Edward Sterrenburg 0-0: Swinging Strike
0-1: Ball
1-1: Ball
2-1: Foul Ball, location: 2F
2-2: Strikes out looking
Pitching: LHP Tony Smehrik
Batting: RHB Cale Sutton 0-0: Swinging Strike
0-1: Ball
1-1: Foul Ball, location: 2F
1-2: Ball
2-2: Ball
3-2: SINGLE (Groundball, 56D) (infield hit)
Pil-joong Pak to third
Brent Ryan to second
Batting: RHB Andrés Rodríguez 0-0: Ball
1-0: Swinging Strike
1-1: Ball
2-1: Called Strike
2-2: Ground out 5-3 (Groundball, 5S)
Bottom of the 3rd over - 0 runs, 3 hits, 0 errors, 3 left on base; Salt Lake City 0 - Bakersfield 4
TOP OF THE 4TH
Salt Lake City Buzz batting - Pitching for Bakersfield Nobles : RHP Cameron Frye
Batting: SHB Juan Rivas 0-0: Called Strike
0-1: Foul Ball, location: 2F
0-2: Foul Ball, location: 2F
0-2: Fly out, F6 (Popup, 6S)
Batting: RHB Scott Ramsey 0-0: Ball
1-0: Called Strike
1-1: Ball
2-1: SOLO HOME RUN (Line Drive, 9LD), Distance : 355 ft
Batting: SHB Jorge Colón 0-0: Ball
1-0: Ball
2-0: Ball
3-0: Called Strike
3-1: Swinging Strike
3-2: Strikes out swinging
Batting: RHB Alexandre Keeping 0-0: Swinging Strike
0-1: Ball
1-1: Foul Ball, location: 2F
1-2: Strikes out swinging
Top of the 4th over - 1 run, 1 hit, 0 errors, 0 left on base; Salt Lake City 1 - Bakersfield 4
BOTTOM OF THE 4TH
Bakersfield Nobles batting - Pitching for Salt Lake City Buzz : LHP Tony Smehrik
Batting: RHB António Padilla 0-0: Ball
1-0: Called Strike
1-1: Foul Ball, location: 2F
1-2: Ball
2-2: Ball
3-2: Fly out, F7 (Flyball, 7LS)
Batting: RHB Wade Killefer 0-0: Called Strike
0-1: Ball
1-1: Ball
2-1: Ball
3-1: Foul Ball, location: 2F
3-2: Base on Balls
Batting: RHB Fortunato Rasquinha 0-0: Foul Ball, location: 2F
0-1: Foul Ball, location: 2F
0-2: Strikes out swinging
Batting: RHB Pil-joong Pak 0-0: Foul Ball, location: 2F
0-1: Ball
1-1: Called Strike
1-2: Foul Ball, location: 2F
1-2: Foul Ball, location: 2F
1-2: Ball
2-2: Ball
3-2: DOUBLE (Flyball, 8LD)
Wade Killefer to third
Wade Killefer scores
Batting: RHB Edwin Berns 0-0: SINGLE (Groundball, 34S) (infield hit)
Pil-joong Pak to third
Batting: RHB Brent Ryan 0-0: Called Strike
0-1: Ball
1-1: Foul Ball, location: 2F
1-2: Ball
2-2: DOUBLE (Flyball, 8LXD)
Pil-joong Pak scores
Edwin Berns to third
Runner from 3rd tries for Home, SAFE, no throw
Batting: SHB Edward Sterrenburg 0-0: Swinging Strike
0-1: Called Strike
0-2: Ball
1-2: Strikes out swinging
Bottom of the 4th over - 3 runs, 3 hits, 0 errors, 1 left on base; Salt Lake City 1 - Bakersfield 7
TOP OF THE 5TH
Salt Lake City Buzz batting - Pitching for Bakersfield Nobles : RHP Cameron Frye
Batting: RHB Vicente Cruz 0-0: Ball
1-0: Foul Ball, location: 2F
1-1: Swinging Strike
1-2: Strikes out swinging
Batting: RHB Leon Carlisle 0-0: Called Strike
0-1: Called Strike
0-2: Foul Ball, location: 2F
0-2: Ball
1-2: Foul Ball, location: 2F
1-2: Foul Ball, location: 2F
1-2: Strikes out looking
Batting: RHB Alejandro Herrera 0-0: Hit by Pitch
Batting: LHB Alistair Mix 0-0: Ball
1-0: Ball
2-0: Called Strike
2-1: Swinging Strike
2-2: Foul Ball, location: 2F
2-2: Strikes out looking
Top of the 5th over - 0 runs, 0 hits, 0 errors, 1 left on base; Salt Lake City 1 - Bakersfield 7
BOTTOM OF THE 5TH
Bakersfield Nobles batting - Pitching for Salt Lake City Buzz : LHP Tony Smehrik
Batting: RHB Cale Sutton 0-0: Ball
1-0: Ball
2-0: Ball
3-0: Called Strike
3-1: Base on Balls
Batting: RHB Andrés Rodríguez 0-0: Ball
1-0: Ball
2-0: Called Strike
2-1: Ball
3-1: Fly out, F9 (Line Drive, 9D)
Batting: RHB António Padilla 0-0: Called Strike
0-1: Fielders Choice at 2nd, 2-6 (Groundball, 2R)
Batting: RHB Wade Killefer 0-0: Called Strike
0-1: Foul Ball, location: 2F
0-2: Foul Ball, location: 2F
0-2: Foul Ball, location: 2F
0-2: Ball
1-2: Foul Ball, location: 2F
1-2: Foul Ball, location: 2F
1-2: Ball
2-2: Ball
3-2: Foul Ball, location: 2F
3-2: Foul Ball, location: 2F
3-2: Foul Ball, location: 2F
3-2: Foul Ball, location: 2F
3-2: Base on Balls
António Padilla to second
Pitching: RHP Ben Hopley
Batting: RHB Fortunato Rasquinha 0-0: Called Strike
0-1: Foul Ball, location: 2F
0-2: Ball
1-2: Foul Ball, location: 2F
1-2: SINGLE (Groundball, 6MD)
António Padilla to third
Wade Killefer to second
Runner from 3rd tries for Home, SAFE, no throw
Batting: RHB Pil-joong Pak 0-0: Foul Ball, location: 2F
0-1: Ball
1-1: Ball
2-1: Called Strike
2-2: Ball
3-2: Base on Balls
Wade Killefer to third
Fortunato Rasquinha to second
Batting: RHB Edwin Berns 0-0: Foul Ball, location: 2F
0-1: Ball
1-1: Swinging Strike
1-2: Strikes out looking
Bottom of the 5th over - 1 run, 1 hit, 0 errors, 3 left on base; Salt Lake City 1 - Bakersfield 8
TOP OF THE 6TH
Salt Lake City Buzz batting - Pitching for Bakersfield Nobles : RHP Cameron Frye
Batting: LHB Orlando Casillas 0-0: Ball
1-0: SINGLE (Line Drive, 8LS)
Batting: SHB Juan Rivas 0-0: Ball
Orlando Casillas steals 2nd base
1-0: Fly out, F8 (Flyball, 8RM)
Batting: RHB Scott Ramsey 0-0: Ball
1-0: Called Strike
1-1: Called Strike
Orlando Casillas is caught stealing 3rd base
1-2: Foul Ball, location: 2F
1-2: Foul Ball, location: 2F
1-2: Fly out, F7 (Flyball, 7D)
Top of the 6th over - 0 runs, 1 hit, 0 errors, 0 left on base; Salt Lake City 1 - Bakersfield 8
BOTTOM OF THE 6TH
Bakersfield Nobles batting - Pitching for Salt Lake City Buzz : RHP Ben Hopley
Batting: RHB Brent Ryan 0-0: Called Strike
0-1: Ball
1-1: Ball
2-1: Foul Ball, location: 2F
2-2: Foul Ball, location: 2F
2-2: Ball
3-2: Strikes out looking
Batting: SHB Edward Sterrenburg 0-0: Ground out 5-3 (Groundball, 5S)
Batting: RHB Cale Sutton 0-0: Fly out, F6 (Popup, 6MS)
Bottom of the 6th over - 0 runs, 0 hits, 0 errors, 0 left on base; Salt Lake City 1 - Bakersfield 8
TOP OF THE 7TH
Salt Lake City Buzz batting - Pitching for Bakersfield Nobles : RHP Cameron Frye
Batting: SHB Jorge Colón 0-0: Hit by Pitch
Batting: RHB Alexandre Keeping 0-0: Ball
1-0: Swinging Strike
1-1: 2-RUN HOME RUN (Flyball, 78XD), Distance : 426 ft
Batting: RHB Vicente Cruz 0-0: Foul Ball, location: 2F
0-1: Foul Ball, location: 2F
0-2: DOUBLE (Line Drive, 7LS)
Batting: RHB Leon Carlisle 0-0: Ball
1-0: Swinging Strike
1-1: Ball
2-1: SINGLE (Line Drive, 4D)
Vicente Cruz to third
Batting: RHB Alejandro Herrera 0-0: Ball
1-0: Ball
2-0: Grounds into double play, 4-6-3 (Groundball, 4)
Vicente Cruz scores
Batting: LHB Alistair Mix 0-0: Called Strike
0-1: SINGLE (Line Drive, 78S)
Pitching: RHP Tim Nesheim
Batting: LHB Orlando Casillas 0-0: Ball
Throwing error on steal attempt, E2
Alistair Mix to third
1-0: Called Strike
1-1: Ball
2-1: Fly out, F8 (Flyball, 8LS)
Top of the 7th over - 3 runs, 4 hits, 1 error, 1 left on base; Salt Lake City 4 - Bakersfield 8
BOTTOM OF THE 7TH
Bakersfield Nobles batting - Pitching for Salt Lake City Buzz : RHP Ben Hopley
Batting: RHB Andrés Rodríguez 0-0: Ball
1-0: Ball
2-0: SINGLE (Line Drive, 34D)
Batting: RHB António Padilla 0-0: Ball
1-0: Called Strike
1-1: Ball
2-1: Ball
3-1: Base on Balls
Andrés Rodríguez to second
Batting: RHB Wade Killefer 0-0: Ball
Balk!
Andrés Rodríguez to third
António Padilla to second
1-0: Swinging Strike
1-1: Fly out, F3 (Popup, 34S)
Batting: RHB Fortunato Rasquinha 0-0: Ball
1-0: Ball
2-0: Ball
3-0: Base on Balls
Batting: RHB Pil-joong Pak 0-0: Called Strike
0-1: Ball
1-1: Called Strike
1-2: Ball
2-2: Grounds into fielders choice 3-2 (Groundball, 3)
António Padilla to third
Fortunato Rasquinha to second
Batting: RHB Edwin Berns 0-0: Ground out 4-3 (Groundball, 4)
Bottom of the 7th over - 0 runs, 1 hit, 0 errors, 3 left on base; Salt Lake City 4 - Bakersfield 8
TOP OF THE 8TH
Salt Lake City Buzz batting - Pitching for Bakersfield Nobles : RHP Tim Nesheim
Batting: SHB Juan Rivas 0-0: Ball
1-0: Called Strike
1-1: Ball
2-1: Ball
3-1: Base on Balls
Batting: RHB Scott Ramsey 0-0: Called Strike
0-1: SINGLE (Groundball, 4MD)
Juan Rivas to second
Runner from 2nd tries for 3rd, OUT!
Batting: SHB Jorge Colón 0-0: Called Strike
0-1: Ball
1-1: Ball
2-1: Foul Ball, location: 2F
2-2: Strikes out looking
Batting: RHB Alexandre Keeping 0-0: Called Strike
0-1: Swinging Strike
0-2: Ball
1-2: Strikes out swinging
Top of the 8th over - 0 runs, 1 hit, 0 errors, 1 left on base; Salt Lake City 4 - Bakersfield 8
BOTTOM OF THE 8TH
Bakersfield Nobles batting - Pitching for Salt Lake City Buzz : RHP Ben Hopley
Batting: RHB Brent Ryan 0-0: Ball
1-0: Foul Ball, location: 2F
1-1: Ball
2-1: Swinging Strike
2-2: Ball
3-2: Base on Balls
Batting: SHB Edward Sterrenburg 0-0: Ball
1-0: Swinging Strike
1-1: Ball
2-1: Ball
Brent Ryan is caught stealing 2nd base
3-1: Called Strike
3-2: Strikes out looking
Batting: RHB Cale Sutton 0-0: Ball
1-0: Swinging Strike
1-1: Swinging Strike
1-2: SINGLE (Groundball, 34D)
Batting: RHB Andrés Rodríguez 0-0: Ball
1-0: SINGLE (Groundball, 34D)
Cale Sutton to second
Runner from 2nd tries for 3rd, SAFE, no throw
Batting: RHB António Padilla 0-0: Foul Ball, location: 2F
0-1: Foul Ball, location: 2F
0-2: Foul Ball, location: 2F
0-2: SINGLE (Groundball, 6MD)
Cale Sutton scores
Andrés Rodríguez to second
Runner from 2nd tries for 3rd, SAFE, no throw
Batting: RHB Wade Killefer 0-0: Ground out U3 (Groundball, 34S)
Bottom of the 8th over - 1 run, 3 hits, 0 errors, 2 left on base; Salt Lake City 4 - Bakersfield 9
TOP OF THE 9TH
Salt Lake City Buzz batting - Pitching for Bakersfield Nobles : RHP Tim Nesheim
Batting: RHB Vicente Cruz 0-0: Foul Ball, location: 2F
0-1: Ground out U3 (Groundball, 23)
Batting: RHB Leon Carlisle 0-0: Ball
1-0: Ball
2-0: Called Strike
2-1: Ball
3-1: Base on Balls
Batting: RHB Alejandro Herrera 0-0: Ball
1-0: Swinging Strike
1-1: Foul Ball, location: 2F
1-2: SINGLE (Groundball, 4D)
Leon Carlisle to second
Batting: LHB Alistair Mix 0-0: Ball
1-0: Foul Ball, location: 2F
1-1: Ball
2-1: Foul Ball, location: 2F
2-2: SINGLE (Groundball, 6MS) (infield hit)
Leon Carlisle to third
Alejandro Herrera to second
Batting: LHB Orlando Casillas 0-0: Fielders Choice at 2nd, 6-4 (Groundball, 6M)
Leon Carlisle scores
Alejandro Herrera to third
Batting: SHB Juan Rivas 0-0: Foul Ball, location: 2F
0-1: Ground out 5-3 (Groundball, 56S)
Top of the 9th over - 1 run, 2 hits, 0 errors, 2 left on base; Salt Lake City 5 - Bakersfield 9
Wednesday, September 19th, 2018 - OOTP Baseball 18.8 Build 76